 Dungeon Crawl Stone Soup version 0.25-a0-661-g55ea3d2053 (webtiles) character file.

Game seed: 17703358607153942714, levelgen mode: deterministic

40574 Kohma the Black Sun (level 13, -7/103 HPs)
             Began as a Demonspawn Artificer on Mar 23, 2020.
             Was a High Priest of Kikubaaqudgha.
             Killed from afar by an oklob plant (8 damage)
             ... with a splash of acid
             ... on level 6 of the Lair of Beasts.
             The game lasted 01:11:07 (22690 turns).

Kohma the Black Sun (Demonspawn Artificer)         Turns: 22690, Time: 01:11:08

Health: -7/103     AC: 18    Str: 15    XL:     13   Next: 75%
Magic:  7/20       EV: 17    Int: 15    God:    Kikubaaqudgha [*****.]
Gold:   1292       SH:  5    Dex: 14    Spells: 7/22 levels left

rFire    + . .     SeeInvis .   k - +3 dagger (venom)
rCold    . . .     Gourm    .   x - +0 buckler
rNeg     + . .     Faith    .   G - +0 steam dragon scales
rPois    .         Spirit   .   o - +2 helmet
rElec    .         Reflect  .   w - scarf {repulsion}
rCorr    .         Harm     .   e - +3 pair of gauntlets of War {Slay+5}
MR       .....                  (no boots)
Stlth    +++++.....             (no amulet)
HPRegen  0.27/turn              E - ring of positive energy
MPRegen  0.17/turn              J - +2 ring of evasion

@: about to teleport, corroded, sanguine armour, very slightly contaminated,
repel missiles
A: talons 2, fire resistance 1, nightstalker 2, sanguine armour 2
a: Receive Corpses, Torment, Renounce Religion


You were on level 6 of the Lair of Beasts.
You worshipped Kikubaaqudgha.
Kikubaaqudgha was extremely pleased with you.
You were very hungry.

You visited 3 branches of the dungeon, and saw 18 of its levels.
You also visited: Sewer.

You collected 1292 gold pieces.

Inventory:

Hand Weapons
 k - a +3 dagger of venom (weapon)
 z - a +0 rapier of freezing
 P - a +2 scimitar of flaming
Missiles
 a - 12 curare-tipped darts
 t - 192 poisoned darts
 B - 4 javelins (quivered)
 H - 3 throwing nets
Armour
 e - the +3 pair of gauntlets of War (worn) {Slay+5}
   (You acquired it on level 1 of the Lair of Beasts)

   It affects your accuracy and damage with ranged weapons and melee attacks
   (+5).
 o - a +2 helmet (worn)
 w - a scarf of repulsion (worn)
 x - a +0 buckler (worn)
 G - +0 steam dragon scales (worn)
Magical Staves
 Q - an uncursed staff of wizardry {unknown}
Jewellery
 A - an uncursed ring of ice
 D - an uncursed ring of see invisible
 E - a ring of positive energy (left hand)
 J - a +2 ring of evasion (right hand)
Wands
 b - a wand of flame (31)
 d - a wand of enslavement (12)
 u - a wand of paralysis (1)
 y - a wand of digging (11)
 N - a wand of polymorph (16)
 O - a wand of acid (2)
 S - a wand of iceblast (8)
Scrolls
 h - 3 scrolls of blinking
 i - a scroll of magic mapping
 j - 13 scrolls of remove curse
 m - 2 scrolls of fear
 p - 11 scrolls of identify
 q - 2 scrolls of fog
 F - 4 scrolls of amnesia
 I - 2 scrolls of enchant armour
 K - 2 scrolls of teleportation
Potions
 c - 2 potions of flight
 g - a potion of brilliance
 l - 3 potions of haste
 n - a potion of mutation
 r - 3 potions of stabbing
 s - a potion of cancellation {unknown}
 v - 4 potions of curing
 C - 3 potions of lignification
 L - a potion of might
 M - 3 potions of berserk rage
Comestibles
 f - 25 rations


   Skills:
 - Level 10.0 Fighting
 - Level 10.0 Short Blades
 - Level 4.0 Armour
 - Level 6.0 Dodging
 - Level 5.1 Stealth
 - Level 4.4 Shields
 - Level 5.0 Spellcasting
 + Level 6.4 Hexes
 + Level 3.5 Summonings
 - Level 12.0 Necromancy
 - Level 2.0 Ice Magic
 - Level 6.0 Earth Magic
 - Level 3.0 Evocations


You had 7 spell levels left.
You knew the following spells:

 Your Spells              Type           Power        Failure   Level  Hunger
a - Ensorcelled Hibernat  Hex/Ice        ###...       4%          2    ##.....
b - Dispel Undead         Necr           #####...     1%          4    ####...
c - Vampiric Draining     Necr           #####.....   1%          3    ###....
d - Borgnjor's Vile Clut  Necr/Erth      ####......   11%         5    ######.
e - Summon Butterflies    Summ           ##......     3%          1    None

Your spell library contained the following spells:

 Spells                   Type           Power        Failure   Level  Hunger
 Corona                   Hex            ###....      1%          1    None
 Pain                     Necr           ####         1%          1    None
 Corpse Rot               Necr/Air       N/A          1%          2    ##.....
 Sublimation of Blood     Necr           #####.....   1%          2    ##.....
 Confusing Touch          Hex            ###.....     3%          3    ###....
 Tukima's Dance           Hex            ###.....     3%          3    ###....
 Call Canine Familiar     Summ           ##......     11%         3    ###....
 Dazzling Flash           Conj/Hex       ##....       13%         3    ###....
 Sting                    Tmut/Pois      #...         16%         1    None
 Death Channel            Necr           #####.....   19%         6    #######
 Poisonous Vapours        Pois/Air       #.....       24%         2    ##.....
 Excruciating Wounds      Chrm/Necr      ###.......   36%         5    ######.
 Ignite Poison            Fire/Tmut/Pois #.......     43%         3    ###....
 Mephitic Cloud           Conj/Pois/Air  #.......     43%         3    ###....
 Summon Ice Beast         Ice/Summ       ##......     45%         4    ####...
 Summon Mana Viper        Hex/Summ       ###.....     50%         5    ######.
 Simulacrum               Ice/Necr       ###.......   80%         6    #######
 Olgreb's Toxic Radiance  Pois           #.......     85%         4    ####...
 Haunt                    Necr/Summ      ####......   99%         7    #######
 Summon Hydra             Summ           ##........   100%        7    #######
 Borgnjor's Revivificati  Necr           #####.....   100%        8    #######
 Death's Door             Chrm/Necr      ###.......   100%        8    #######
 Infestation              Necr           #####.....   100%        8    #######
 Necromutation            Tmut/Necr      ###.......   100%        8    #######


Dungeon Overview and Level Annotations

Branches:
Dungeon (11/15)            Temple (1/1) D:4            Lair (6/6) D:11
  Swamp (0/4) Lair:3       Spider (0/4) Lair:2        Slime (0/5) Lair:6
    Orc (0/2) D:11          Sewer (visited)

Altars:
Ashenzari
Cheibriados
Dithmenos
Elyvilon
Fedhas
Gozag
Hepliaklqana
Kikubaaqudgha
Makhleb
Nemelex Xobeh
Okawaru
Qazlal
Ru
Sif Muna
Trog
Uskayaw
Vehumet
Wu Jian
Xom
Yredelemnul
Zin
The Shining One

Annotations:
Lair:1 3 runed translucent doors, exclusions: 3 doors and oklob plant, tamionv's ghost, journeyman GrEE
Lair:6 exclusion: 2 oklob plants


Innate Abilities, Weirdness & Mutations

You have razor-sharp toenails.
Your flesh is heat resistant. (rF+)
You are significantly more attuned to the shadows.
When seriously injured, your bleeding wounds create thick armour. (AC +9)


Message History

As you read the scroll of teleportation, it crumbles to dust.
You feel strangely unstable.
You are splashed with acid!
* * * LOW HITPOINT WARNING * * *
The zombie hands constrict the oklob plant!
The zombie hands constrict the oklob plant.
You destroy the oklob plant!
Kikubaaqudgha accepts your kill.
Marking area around an oklob plant as unsafe for travelling.
You feel better.
You are splashed with acid!
* * * LOW HITPOINT WARNING * * *
The zombie hands constrict the oklob plant!
You destroy the oklob plant!
Kikubaaqudgha accepts your kill. The wind drake flaps its wings at you.
The air twists around and strikes you!
* * * LOW HITPOINT WARNING * * *
The oklob plant spits acid at you. The splash of acid hits you!
You die...
Kikubaaqudgha rasps: "You have failed me!
Welcome... death!"

### ### .### ###.######..
....### ##..#.#.#..P.
.....P####..###.(.....
...(.@.##...###....... ..
#.P.>...#...P##....... ..#
#.#...#.....PP........ ...#
# ##..###....P........
....###
######.k..รท........
#.....##### #..............
#....##.####.............
#.................[......
#......P...........#.#...##


You could see a wind drake, an oklob plant and a friendly oklob plant (unaware).

Vanquished Creatures
  Erolcha (D:11)
  4 hydras
  3 two-headed ogres
  A death yak (Lair:6)
  Sonja (Lair:3)
  3 skeletal warriors (D:11)
  A sea snake (Lair:6)
  2 oklob plants (Lair:6)
  4 elephants (Lair:6)
  A manticore (Lair:6)
  Joseph (D:10)
  4 black mambas
  A torpor snail (Lair:6)
  A gargoyle (D:10)
  Maggie (Lair:2)
  14 spiny frogs
  4 rime drakes
  7 komodo dragons
  2 polar bears
  A troll (D:10)
  Grinder (D:3)
  4 blink frogs (Lair:4)
  A wind drake (Lair:6)
  2 hornets (Lair:6)
  4 dream sheep (Lair:4)
  5 hippogriffs
  A meliai zombie (D:8)
  Sigmund (D:2)
  3 wyverns (Lair:6)
  A spriggan (D:10)
  40 yaks
  A basilisk (Lair:3)
  Grum (Lair:1)
  2 wargs (D:11)
  12 water moccasins
  Duvessa (D:4)
  4 sky beasts
  7 porcupines
  Purgy (Sewer)
  4 orc warriors
  2 phantoms
  An eye of draining (D:11)
  2 ogres
  2 necrophages (D:10)
  2 centaurs
  8 wolves
  7 crocodiles
  A big kobold (D:7)
  Blork the orc (D:4)
  15 bullfrogs
  A water moccasin skeleton (D:4)
  Dowan (D:4)
  3 scorpions
  9 wights
  5 killer bees (D:9)
  An electric eel (Lair:1)
  2 howler monkeys
  7 crimson imps
  2 centaur zombies
  4 hounds
  4 jellies
  A gnoll shaman (D:9)
  7 orc priests
  A bullfrog skeleton (D:11)
  A centaur skeleton (D:8)
  3 iguanas
  4 orc wizards
  8 worker ants
  3 hound skeletons
  A howler monkey skeleton (D:10)
  2 howler monkey zombies
  7 gnolls
  11 adders
  A river rat (D:5)
  A shadow imp (D:10)
  An ooze (D:6)
  An adder skeleton (D:5)
  3 worms
  3 leopard geckos
  30 orcs
  A ball python (D:1)
  5 giant cockroaches
  8 hobgoblins
  4 jackals (D:2)
  12 kobolds
  5 quokkas
  9 bats
  6 frilled lizards
  5 goblins
  A jackal zombie (D:9)
  A quokka skeleton (D:4)
  8 rats
387 creatures vanquished.

Vanquished Creatures (collateral kills)
  Erica (D:9)
1 creature vanquished.

Vanquished Creatures (others)
  13 fungi
  17 plants
  5 toadstools (D:9)
35 creatures vanquished.

Grand Total: 423 creatures vanquished

Notes
Turn   | Place    | Note
-------+----------+-------------------------------------------
     0 | D:1      | Kohma the Demonspawn Artificer began the quest for the Orb.
     0 | D:1      | Reached XP level 1. HP: 15/15 MP: 3/3
   130 | D:1      | Reached skill level 1 in Short Blades
   130 | D:1      | Reached skill level 1 in Stealth
   277 | D:1      | Gained mutation: Your flesh is heat resistant. (rF+)
                  | [demonic ancestry]
   277 | D:1      | Reached XP level 2. HP: 21/21 MP: 4/4
  1148 | D:2      | Found a radiant altar of Vehumet.
  1158 | D:2      | Found a bloodstained altar of Trog.
  1168 | D:2      | Found a faded altar of an unknown god.
  1174 | D:2      | Found a shimmering altar of Xom.
  1207 | D:2      | Gained mutation: When seriously injured, your bleeding
                  | wounds create armour. (AC +9) [demonic ancestry]
  1207 | D:2      | Reached XP level 3. HP: 27/27 MP: 5/5
  1435 | D:2      | Noticed Sigmund
  1451 | D:2      | Killed Sigmund
  1451 | D:2      | Reached XP level 4. HP: 29/33 MP: 6/6
  1451 | D:2      | Reached XP level 5. HP: 33/38 MP: 7/7
  2092 | D:2      | Found a sparkling altar of Nemelex Xobeh.
  2359 | D:3      | Noticed a sky beast
  2365 | D:3      | Killed a sky beast
  2365 | D:3      | Reached XP level 6. HP: 27/44 MP: 8/8
  2532 | D:3      | Noticed Grinder
  2552 | D:3      | Killed Grinder
  2827 | D:3      | Reached skill level 5 in Short Blades
  2854 | D:3      | Gained mutation: When seriously injured, your bleeding
                  | wounds create thick armour. (AC +9) [demonic ancestry]
  2854 | D:3      | Reached XP level 7. HP: 46/50 MP: 9/9
  3866 | D:4      | Noticed Blork the orc
  3870 | D:4      | Killed Blork the orc
  3915 | D:4      | Noticed Duvessa
  3915 | D:4      | Noticed Dowan
  3927 | D:4      | Killed Dowan
  3933 | D:4      | Killed Duvessa
  3933 | D:4      | Reached skill level 5 in Stealth
  4169 | D:4      | Found an ancient bone altar of Kikubaaqudgha.
  4177 | D:4      | Became a worshipper of Kikubaaqudgha
  4201 | D:4      | Found a staircase to the Ecumenical Temple.
  4227 | Temple   | Entered the Ecumenical Temple
  4480 | D:4      | Found a hide-covered altar of Uskayaw.
  4516 | D:4      | Gained mutation: You have sharp toenails. [demonic
                  | ancestry]
  4516 | D:4      | Reached XP level 8. HP: 37/56 MP: 10/10
  5292 | D:5      | Entered Level 5 of the Dungeon
  5431 | D:5      | Found a glowing drain.
  5580 | Sewer    | Entered a sewer
  5790 | Sewer    | Noticed Purgy
  5802 | Sewer    | Killed Purgy
  6025 | D:5      | Reached * piety under Kikubaaqudgha
  6025 | D:5      | Identified Kikubaaqudgha's Collected Works on Darkness
                  | (Kikubaaqudgha gifted it to you on level 5 of the Dungeon)
  6025 | D:5      | Received a gift from Kikubaaqudgha
  6261 | D:5      | Found a blossoming altar of Fedhas.
  6710 | D:6      | Reached skill level 1 in Shields
  7041 | D:7      | Gained mutation: You are slightly more attuned to the
                  | shadows. [demonic ancestry]
  7041 | D:7      | Reached XP level 9. HP: 61/61 MP: 11/11
  7241 | D:7      | Reached ** piety under Kikubaaqudgha
  7665 | D:7      | Learned a level 2 spell: Ensorcelled Hibernation
  7717 | D:7      | Found an ornate altar of the Wu Jian Council.
  8148 | D:8      | Found a sacrificial altar of Ru.
  8153 | D:8      | Reached skill level 10 in Short Blades
  8633 | D:8      | Noticed a two-headed ogre
  8636 | D:8      | Killed a two-headed ogre
  8797 | D:9      | Noticed Erica
  8814 | D:9      | Killed Erica
  8814 | D:9      | Reached XP level 10. HP: 25/71 MP: 12/14
  9906 | D:9      | Reached *** piety under Kikubaaqudgha
  9906 | D:9      | Identified Kikubaaqudgha's Volume of Sinister Secrets
                  | (Kikubaaqudgha gifted it to you on level 9 of the Dungeon)
  9906 | D:9      | Received a gift from Kikubaaqudgha
 10004 | D:9      | Learned a level 4 spell: Dispel Undead
 10369 | D:9      | Reached skill level 5 in Fighting
 10461 | D:10     | Entered Level 10 of the Dungeon
 10461 | D:10     | Noticed a gargoyle
 10465 | D:10     | Noticed a two-headed ogre
 10799 | D:10     | Reached skill level 1 in Necromancy
 11127 | D:10     | Reached skill level 2 in Necromancy
 11273 | D:10     | Killed a two-headed ogre
 11273 | D:10     | Reached skill level 5 in Hexes
 11273 | D:10     | Reached skill level 3 in Necromancy
 11538 | D:10     | Killed a gargoyle
 11700 | D:10     | Noticed Joseph
 11702 | D:10     | Reached skill level 4 in Necromancy
 11702 | D:10     | Noticed a two-headed ogre
 11721 | D:10     | Reached skill level 5 in Spellcasting
 11724 | D:10     | Reached skill level 5 in Necromancy
 11724 | D:10     | Gained mutation: You are significantly more attuned to the
                  | shadows. [demonic ancestry]
 11724 | D:10     | Reached XP level 11. HP: 38/79 MP: 18/18
 11725 | D:10     | Killed a two-headed ogre
 11725 | D:10     | Reached skill level 6 in Necromancy
 12080 | D:10     | Killed Joseph
 12093 | D:10     | Reached skill level 1 in Armour
 12469 | D:10     | Learned a level 3 spell: Vampiric Draining
 12618 | D:11     | Reached **** piety under Kikubaaqudgha
 12631 | D:11     | Identified a scroll of acquirement
 12631 | D:11     | Identified the ring of the Manifold Orbs {Fire Dex+3} (You
                  | acquired it on level 11 of the Dungeon)
 13123 | D:11     | Noticed a skeletal warrior
 13125 | D:11     | Reached skill level 7 in Necromancy
 13142 | D:11     | Killed a skeletal warrior
 13259 | D:11     | Noticed a skeletal warrior
 13263 | D:11     | Noticed Erolcha
 13266 | D:11     | Noticed a skeletal warrior
 13287 | D:11     | Killed Erolcha
 13318 | D:11     | Killed a skeletal warrior
 13318 | D:11     | Reached skill level 8 in Necromancy
 13455 | D:11     | Killed a skeletal warrior
 13853 | D:11     | Found a staircase to the Lair.
 14035 | D:11     | Found a staircase to the Orcish Mines.
 14518 | D:11     | Learned a level 5 spell: Borgnjor's Vile Clutch
 14665 | Lair:1   | Entered Level 1 of the Lair of Beasts
 14937 | Lair:1   | Noticed tamionv's ghost (journeyman GrEE)
 14958 | Lair:1   | Found a runed translucent gate.
 14958 | Lair:1   | Found a runed translucent gate.
 14958 | Lair:1   | Found a runed translucent gate.
 14999 | Lair:1   | Identified the ring "Qaonki" {Fire rN+ Int+7} (You acquired
                  | it on level 1 of the Lair of Beasts)
 15000 | Lair:1   | Found the +3 pair of gauntlets of War {Slay+5}
 15107 | Lair:1   | Noticed Grum
 15116 | Lair:1   | Killed Grum
 15123 | Lair:1   | Gained mutation: You have razor-sharp toenails. [demonic
                  | ancestry]
 15123 | Lair:1   | Reached XP level 12. HP: 73/89 MP: 11/19
 15524 | Lair:1   | Reached skill level 9 in Necromancy
 15764 | Lair:1   | You fall into a shaft and drop 1 floor!
 15807 | Lair:2   | Reached skill level 5 in Dodging
 15813 | Lair:2   | Noticed Maggie
 15821 | Lair:2   | Killed Maggie
 16290 | Lair:2   | Noticed a four-headed hydra
 16296 | Lair:2   | Killed a four-headed hydra
 16419 | Lair:2   | Found a hole to the Spider Nest.
 17002 | Lair:2   | Reached skill level 10 in Necromancy
 17306 | Lair:3   | Noticed Sonja
 17314 | Lair:3   | Killed Sonja
 17314 | Lair:3   | Reached skill level 1 in Earth Magic
 17571 | Lair:3   | Found a staircase to the Swamp.
 17598 | Lair:3   | Reached ***** piety under Kikubaaqudgha
 19033 | Lair:4   | Learned a level 1 spell: Summon Butterflies
 19160 | Lair:4   | Reached XP level 13. HP: 101/101 MP: 17/20
 19363 | Lair:4   | Reached skill level 1 in Summonings
 19473 | Lair:4   | Reached skill level 11 in Necromancy
 20944 | Lair:6   | Entered Level 6 of the Lair of Beasts
 21005 | Lair:6   | Reached skill level 5 in Earth Magic
 21143 | Lair:6   | Reached skill level 10 in Fighting
 21544 | Lair:6   | Reached skill level 12 in Necromancy
 22450 | Lair:6   | Found a staircase to the Slime Pits.
 22690 | Lair:6   | HP: 1/103 [wind drake/the air (11)]
 22690 | Lair:6   | Killed from afar by an oklob plant

Levels and vault maps discovered:
D:1:      psy_arrival_statuary, layout_loops_ring,
          chequers_serial_rivers_micro_b, minmay_statues_item,
          hangedman_decor_peaks_small
D:2:      wander_river, layout_basic, xom_butterflies,
          grunt_temple_overflow_open, chequers_ecumenical_altar_simple,
          nemelex_diamond_rough_becter, uniq_sigmund
D:3:      layout_basic, first_ration, uniq_grinder
D:4:      layout_basic, eat_drink_and_be_merry_uskayaw, kiku_gazebo_pond_becter,
          minmay_temple_entry_nine_rooms, uniq_blork_the_orc, uniq_duvessa
D:5:      layout_cave_pools, fedhas_altar_fruit_tree, portal_sewer_entry_b,
          kennysheep_generic_room_14
D:6:      minmay_klotski, layout_basic, nrook_mini_backslash
D:7:      layout_gridville, kennysheep_mini_moat, hangedman_decor_growths
D:8:      layout_basic, overflow_temple_1_default
D:9:      layout_irregular_city, minmay_gold_behind_fungi, uniq_erica
D:10:     layout_rooms, hangedman_stone_soup, hangedman_glass_teeth, uniq_joseph
D:11:     layout_loops_ring, david_lair_shrubbed, david_orc_1_choice,
          uniq_erolcha
Temple:   minmay_temple_curvy_branch
Lair:1:   layout_small_grid, gammafunk_ghost_icy, grunt_megastairs_4,
          infiniplex_staircase_pool, serial_bayou_shore_b, serial_bayou_shore_a,
          minmay_lair_oklob_chamber, uniq_grum
Lair:2:   layout_chaotic_city, dummy_spider_entry, grunt_megastairs_3,
          uniq_maggie
Lair:3:   layout_hall_layers, minmay_swamp_entry_worms, uniq_sonja
Lair:4:   layout_cave_pods
Lair:5:   layout_long_grid
Lair:6:   gammafunk_lair_ancient_temple, layout_layer_cave,
          minmay_slime_entry_oklob_enclosed, lemuel_fruit_tree

Skill      XL: |  1  2  3  4  5  6  7  8  9 10 11 12 13 |
---------------+----------------------------------------+-----
Short Blades   | 1 3 5 6 9 10 | 10.0
Stealth        | 1 2 3 4 5 |  5.1
Dodging        | 2 4 6 |  6.0
Fighting       | 2 3 5 6 9 10 | 10.0
Shields        | 2 4 |  4.4
Spellcasting   | 2 5 |  5.0
Hexes          | 3 5 6 |  6.4
Ice Magic      | 2 |  2.0
Necromancy     | 5 8 10 12 | 12.0
Armour         | 3 4 |  4.0
Earth Magic    | 3 6 |  6.0
Summonings     | 3 |  3.5
Evocations     | |  3.0

Action                   |  1- 3 |  4- 6 |  7- 9 | 10-12 | 13-15 || total
-------------------------+-------+-------+-------+-------+-------++-------
Melee: Short sword       |    17 |       |       |       |       ||    17
       Dagger            |    67 |    88 |   460 |   494 |   211 ||  1320
       Kick              |       |       |   103 |   146 |    75 ||   324
Throw: Javelin           |     1 |       |    12 |    44 |     5 ||    62
       Dart              |       |       |    13 |    17 |     5 ||    35
       Throwing net      |       |       |       |     1 |       ||     1
 Cast: Ensorcelled Hiber |       |       |       |   125 |    51 ||   176
       Dispel Undead     |       |       |       |    11 |       ||    11
       Vampiric Draining |       |       |       |     1 |    12 ||    13
       Borgnjor's Vile C |       |       |       |       |     5 ||     5
Evoke: Wand              |    15 |     3 |    13 |     5 |     3 ||    39
  Use: Scroll            |     1 |     1 |    13 |    12 |     4 ||    31
       Potion            |     3 |       |       |     2 |     1 ||     6
 Stab: Sleeping          |     1 |     1 |    18 |    77 |    32 ||   129
       Paralysed         |       |       |     4 |       |       ||     4
       Distracted        |       |       |       |       |     2 ||     2
  Eat: Chunk             |     2 |     4 |    18 |    23 |    13 ||    60
       Ration            |       |       |       |     5 |       ||     5
Armor: Leather armour    |    37 |     8 |       |     5 |       ||    50
       Ring mail         |       |    15 |   117 |    68 |       ||   200
       Steam dragon scal |       |       |       |    26 |    48 ||    74
Dodge: Dodged            |    66 |    30 |   145 |   236 |   106 ||   583
       Deflected         |       |       |     2 |     8 |     2 ||    12
Block: Buckler           |       |       |    23 |    82 |    39 ||   144

Table legend:
 A = Non-vault XP
 B = Vault XP
 C = Vault XP percentage of total XP
 D = Non-vault monster count
 E = Vault monster count
 F = Vault count percentage of total count
                 A         B        C        D         E       F
            +---------+---------+-------+---------+---------+-------
      Total |   44811 |   13152 |  22.7 |     329 |      59 |  15.2
            +---------+---------+-------+---------+---------+-------
        D:1 |      38 |       0 |   0.0 |      25 |       0 |   0.0
        D:2 |      71 |     143 |  66.8 |      17 |       1 |   5.6
        D:3 |     375 |     286 |  43.3 |      25 |       1 |   3.8
        D:4 |     411 |     306 |  42.7 |      16 |       3 |  15.8
        D:5 |     315 |      72 |  18.6 |      11 |       6 |  35.3
        D:6 |     319 |       0 |   0.0 |       9 |       0 |   0.0
        D:7 |    1272 |       0 |   0.0 |      29 |       0 |   0.0
        D:8 |    1489 |       0 |   0.0 |       8 |       0 |   0.0
        D:9 |    1692 |     870 |  34.0 |      33 |       1 |   2.9
       D:10 |    4556 |     853 |  15.8 |      27 |       5 |  15.6
       D:11 |    4666 |    2084 |  30.9 |      19 |      11 |  36.7
     Lair:1 |    3531 |     408 |  10.4 |      14 |       3 |  17.6
     Lair:2 |    6021 |     663 |   9.9 |      21 |       3 |  12.5
     Lair:3 |    4632 |     835 |  15.3 |      23 |       1 |   4.2
     Lair:4 |    5513 |       0 |   0.0 |      26 |       0 |   0.0
     Lair:5 |    3859 |       0 |   0.0 |      11 |       0 |   0.0
     Lair:6 |    6051 |    6493 |  51.8 |      15 |      18 |  54.5
      Sewer |       0 |     139 | 100.0 |       0 |       6 | 100.0
            +---------+---------+-------+---------+---------+-------
